[Event "*** Titled Tuesday 3|2 Blitz"]
[Site "Chess.com"]
[Date "2017.06.06"]
[Round "3"]
[White "pKiLz5Rn9b"]
[Black "ChessNinja48"]
[Result "1-0"]
[WhiteElo "2494"]
[BlackElo "2306"]
[TimeControl "180+2"]
[EndTime "14:29:39 PDT"]
[Termination "pKiLz5Rn9b won by resignation"]

1. d4 Nf6 2. Nf3 c6 3. Nbd2 d5 4. e3 g6 5. Bd3 Bg7 6. O-O O-O 7.
c3 Bg4 8. h3 Bxf3 9. Nxf3 Nbd7 10. c4 e6 11. Qe2 a5 12. Bd2 Ne4 13. Be1 Nd6 14. c5 Ne4 15. Bxe4 dxe4 16. Nd2 Nf6 17. Nc4 Nd5 18. Rd1 Qc7 19. Kh1 f5 20. f3 e5 21.
fxe4 fxe4 22. Bg3 Nf4 23. exf4 exf4 24. Bh2 Rae8 25. Nd6 g5 26. Nxe8 Rxe8 27. d5 cxd5 28. Rxd5 Qe7 29. Rfd1 e3 30. Qc4 Kh8 31. Bg1 Bxb2 32. Rd7 Qf6 33. R1d6 Qf5 34. Rd8 Rxd8 35. Rxd8+ Kg7 36. Qg8+ Kh6 37. Qf8+ Qxf8 38. Rxf8 Bd4 39.
g4 e2 40. Re8 Be3 41. Bf2 Bxf2 42. Rxe2 Bxc5 43. Kg2 b6 44. Kf3 Kg7 45. Re6 Kf7 46. Rc6 Kg7 47. Ke4 Kf7 48. a4 Kg7 49. Rc7+ Kg6 50.
Rc6+ Kg7 51. Kf3 Kf7 52. Ke2 Kg7 53. Ke1 f3 54. Kd2 f2 55. Ke2 Kf7 56. Rc7+ Kg6 57.
Rc8 Kg7 58. Rd8 Kf6 59. Rd5 Kg6 60. Rf5 h5 61. Kd3 hxg4 62. hxg4 Kh6 63. Rf3 Kg6 64. Ke4 Kg7 65. Kf5 Kh6 66. Ke5 Kg6 67. Ke6 Bd4 68. Rf8 Be3 69. Rf6+ Kg7 70. Rf3 Bc5 71. Kd7 Kg6 72. Ke8 Kg7 73. Rf5 Kg6 74. Kd7 Be3 75. Rf3 Bc5 76. Ke6 Bd4 77. Kd5 Bc5 78. Ke5 Be3 79.
Rf6+ Kg7 80. Rf3 Bc5 81. Kf5 Kh6 82. Kf6 Bd4+ 83. Kf7 1-0

[Event "*** Titled Tuesday 3|2 Blitz"]
[Site "Chess.com"]
[Date "2017.06.06"]
[Round "3"]
[White "AllStarShark"]
[Black "hassler2"]
[Result "1-0"]
[WhiteElo "2316"]
[BlackElo "2289"]
[TimeControl "180+2"]
[EndTime "14:29:49 PDT"]
[Termination "AllStarShark won on time"]

1. d4 Nf6 2. Bg5 e6 3. e3 d5 4. Bd3 c5 5. c3 Nc6 6. Nd2 Be7 7. f4 Qb6 8. Qc2 h6 9. Bxf6 Bxf6 10. Ngf3 Bd7 11.
Ne5 Bxe5 12. fxe5 O-O-O 13. Qb3 Kb8 14. Qxb6 axb6 15. O-O Rdf8 16. Rf2 Kc7 17. Raf1 Nd8 18. e4 Bc6 19. exd5 Bxd5 20. a3 Kd7 21. Nc4 Bxc4 22. Bxc4 Kc6 23. a4 g6 24. Rf6 Kc7 25. Bb5 cxd4 26.
cxd4 g5 27. h3 Rh7 28. Bd3 Rg7 29. Be4 h5 30. d5 Kd7 31. dxe6+ Nxe6 32. Bxb7 Ke7 33.
Bd5 Nf4 34. Bc4 Rc8 35. b3 Rc5 36. g3 Ne6 37. Re1 h4 38. Rf3 hxg3 39. Rxg3 Nf4 40. Re4 Ne6 41. h4 gxh4 42. Rxg7 Nxg7 43. Rxh4 Rxe5 44.
Rf4 Ne6 45. Bxe6 Rxe6 46. Rb4 Kd7 47. Kf2 Kc6 48. Rb5 Rf6+ 49. Ke3 Rh6 50. Kf4 Rh1 51. Kg5 Rf1 52. Rf5 Rb1 53. Rb5 Rf1 54. Kg4 Rf2 55. Kg3 Rf1 56. Kg2 Rf4 57. Kg3 Rf6 58.
Rh5 Rf1 59. a5 b5 60. b4 Rb1 61. Rc5+ Kd6 62. Rxb5 Rb3+ 63. Kf4 Kc6 64. Rb6+ Kc7 65. Kf5 Re3 66. Kf4 Re1 67. Rf6 Rb1 68. Rxf7+ Kc6 69. Rf6+ Kd5 70. Rb6 Kc4 71. a6 Ra1 72. b5 Kc5 73.
Rb7 Ra4+ 74. Ke5 1-0

[Event "*** Titled Tuesday 3|2 Blitz"]
[Site "Chess.com"]
[Date "2017.06.06"]
[Round "3"]
[White "dinevmk"]
[Black "Wolverine_master"]
[Result "1/2-1/2"]
[WhiteElo "2011"]
[BlackElo "1989"]
[TimeControl "180+2"]
[EndTime "14:30:05 PDT"]
[Termination "Game drawn - timeout vs insufficient material"]

1. e4 d5 2. exd5 Qxd5 3. Nf3 Nf6 4.
Nc3 Qd6 5. d4 a6 6. Be2 Nc6 7.
O-O Bg4 8. Be3 O-O-O 9. Ng5 Be6 10. Nce4 Nxe4 11. Nxe4 Qd5 12. Nc3 Qa5 13. Bf3 Nb4 14.
Ne4 Nd5 15. Bd2 Qb6 16. c4 Nf6 17. d5 Nxe4 18. Bxe4 Bd7 19. b4 f5 20. Bf3 Qf6 21. a4 g5 22. c5 Bg7 23. Ra2 g4 24. Be2 e6 25. c6 bxc6 26. Bxa6+ Kb8 27. b5 exd5 28.
Bf4 cxb5 29. axb5 Qb6 30. Qa4 d4 31. Rc1 Be6 32. Rxc7 Qxc7 33. Bxc7+ Kxc7 34. Rc2+ Kd7 35. b6+ Ke7 36. Qb4+ Kf7 37. Bc4 Bxc4 38. Qxc4+ Kg6 39. h4 gxh3 40. gxh3 Bf6 41. b7 d3 42. Rd2 Rb8 43. Qc6 Rhd8 44. Kf1 Kg7 45. Qc7+ Kg6 46. Rxd3 Rxb7 47. Qxb7 Rxd3 48. Kg2 Rd4 49. Qc8 h6 50. Qg8+ Bg7 51. f3 Kf6 52. Kg3 Kg6 53. h4 h5 54. Kh3 Kf6 55. Qh7 f4 56. Qxh5 Rd6 57. Qg5+ Kf7 58. Qxf4+ Rf6 59. Qg4 Bh6 60. h5 Re6 61. Qf5+ Rf6 62. Qd7+ Kg8 63. Qe8+ Kg7 64. Qe7+ Rf7 65. Qe5+ Rf6 66. Kg4 Kf7 67. Qd5+ Kg7 68. Qe4 Rf7 69. Qe5+ Rf6 70. Qe7+ Rf7 71. Qe5+ Rf6 72.
Qd4 Kf7 73. Qd7+ Kg8 74. Qd8+ Kg7 75. Qe7+ Rf7 76. Qe8 Rf4+ 77. Kg3 Rf7 78. Qxf7+ Kxf7 1/2-1/2

[Event "*** Titled Tuesday 3|2 Blitz"]
[Site "Chess.com"]
[Date "2017.06.06"]
[Round "4"]
[White "mwpchess"]
[Black "igorkovalenko"]
[Result "0-1"]
[WhiteElo "2466"]
[BlackElo "2635"]
[TimeControl "180+2"]
[EndTime "14:32:01 PDT"]
[Termination "igorkovalenko won by resignation"]

1. e4 c6 2. d4 d5 3. e5 Bf5 4. h4 Qc7 5. h5 c5 6. Nc3 cxd4 7.
Qxd4 Nc6 8. Nxd5 O-O-O 9. Nxc7 Nxd4 10. Bd3 Bxd3 0-1

[Event "*** Titled Tuesday 3|2 Blitz"]
[Site "Chess.com"]
[Date "2017.06.06"]
[Round "4"]
[White "Kawhi_Leonard2"]
[Black "Journey_to_GrandMaster_YT"]
[Result "0-1"]
[WhiteElo "2181"]
[BlackElo "2338"]
[TimeControl "180+2"]
[EndTime "14:32:19 PDT"]
[Termination "Journey_to_GrandMaster_YT won by resignation"]

1. e4 d6 2. d4 Nf6 3. Nc3 e5 4. Nf3 Nbd7 5. Bc4 Be7 6. O-O O-O 7.
Re1 c6 8. a4 a5 9. b3 exd4 10.
Qxd4 Ne5 11. Nxe5 dxe5 12. Qxe5 Ng4 13. Qg3 Bh4 0-1

[Event "*** Titled Tuesday 3|2 Blitz"]
[Site "Chess.com"]
[Date "2017.06.06"]
[Round "4"]
[White "TrickyTrapChess"]
[Black "Zufi1811"]
[Result "1/2-1/2"]
[WhiteElo "2281"]
[BlackElo "2360"]
[TimeControl "180+2"]
[EndTime "14:32:54 PDT"]
[Termination "Game drawn by agreement"]

1. c4 Nf6 2. Nc3 e5 3. g3 Nc6 4. Bg2 Bc5 5. e3 d6 6. Nge2 a6 7. O-O O-O 8. d4 Ba7 9. h3 h6 10.
Kh2 Bf5 11. d5 Ne7 12. e4 Bh7 13. f4 exf4 14. gxf4 Nd7 15. Nd4 Kh8 16. Be3 1/2-1/2

[Event "*** Titled Tuesday 3|2 Blitz"]
[Site "Chess.com"]
[Date "2017.06.06"]
[Round "4"]
[White "cstefan"]
[Black "Frolik67"]
[Result "1-0"]
[WhiteElo "2197"]
[BlackElo "2304"]
[TimeControl "180+2"]
[EndTime "14:34:02 PDT"]
[Termination "cstefan won by checkmate"]

1. Nf3 d5 2. g3 c6 3. Bg2 e6 4. d3 Nf6 5. O-O Bd6 6. Nbd2 O-O 7. e4 Bc7 8. e5 Nfd7 9. Re1 b6 10. h4 Bb7 11. Nf1 c5 12. N1h2 Nc6 13. Bf4 Re8 14. h5 d4 15. a3 Nf8 16. Ng4 Ne7 17.
h6 Nd5 18. hxg7 Ng6 19. Bh6 f5 20. exf6 Nxf6 21. Bg5 Nxg4 22. Bxd8 Raxd8 23. Ng5 Bxg2 24. Kxg2 N4e5 25. Qh5 Kxg7 26. Qxh7+ Kf6 27. Ne4+ Kf5 28. Qh5# 1-0

[Event "*** Titled Tuesday 3|2 Blitz"]
[Site "Chess.com"]
[Date "2017.06.06"]
[Round "4"]
[White "PaulfromSPb"]
[Black "Hikaru"]
[Result "0-1"]
[WhiteElo "2576"]
[BlackElo "2909"]
[TimeControl "180+2"]
[EndTime "14:35:20 PDT"]
[Termination "Hikaru won by resignation"]

1. e4 c5 2. Ne2 d6 3. g3 Nf6 4.
Bg2 g6 5. c3 Bg7 6. d4 Nc6 7. O-O O-O 8. h3 Nd7 9. Be3 e5 10. Na3 b6 11. f4 exd4 12. cxd4 Ba6 13. e5 Nxd4 14. Bxd4 cxd4 15. Bxa8 Qxa8 16. Qxd4 Bxe2 17.
Rf2 Ba6 18. Qxd6 Nc5 19. Rg2 Rd8 20. Qc7 Bf8 21. b4 Rd7 0-1

[Event "*** Titled Tuesday 3|2 Blitz"]
[Site "Chess.com"]
[Date "2017.06.06"]
[Round "4"]
[White "Patov"]
[Black "Jadeit90"]
[Result "1-0"]
[WhiteElo "2318"]
[BlackElo "2158"]
[TimeControl "180+2"]
[EndTime "14:35:34 PDT"]
[Termination "Patov won by resignation"]

1. e4 g6 2. d4 Bg7 3. Nf3 c5 4. c3 cxd4 5. cxd4 d6 6. h3 Nf6 7. Nc3 O-O 8. Bd3 a6 9. O-O b5 10. e5 Ne8 11. Be4 Ra7 12. Be3 Rd7 13. Qb3 Bb7 14. e6 Bxe4 15. exd7 Nf6 16. Nxe4 Nxe4 17. a4 Qxd7 18. axb5 axb5 19. Ra5 Qc7 20. Rxb5 Nd7 21.
Rb7 Qd8 22. Rc1 Ndf6 23. Rcc7 e6 24. Bg5 h6 25. Bxf6 Qxf6 26. Rb8 Rxb8 27. Qxb8+ Kh7 28. Qa7 Kg8 29. b4 Qf5 30. b5 1-0

[Event "*** Titled Tuesday 3|2 Blitz"]
[Site "Chess.com"]
[Date "2017.06.06"]
[Round "4"]
[White "Margency"]
[Black "TregubovP"]
[Result "1-0"]
[WhiteElo "2548"]
[BlackElo "2396"]
[TimeControl "180+2"]
[EndTime "14:35:52 PDT"]
[Termination "Margency won by resignation"]

1. c4 e5 2. Nc3 Nf6 3. g3 Bc5 4.
Bg2 Nc6 5. e3 d5 6. cxd5 Nb4 7.
d4 exd4 8. exd4 Bxd4 9. Qa4+ c6 10. Qxb4 c5 11. Qa4+ Bd7 12. Qd1 Ng4 13. Nh3 O-O 14. O-O b5 15. Ne2 Bf6 16. Nhf4 g6 17.
Nc3 Bg7 18. h3 Ne5 19. Ne4 c4 20. Be3 Bf5 21. Bc5 Bxe4 22. Bxe4 Re8 23. Re1 Qd7 24. a4 g5 25. Nh5 Qxh3 26. Bg2 Qf5 27. Nxg7 Kxg7 28. Rxe5 Rxe5 29. Bd4 f6 30. Bxe5 Qxe5 31. axb5 Qxb2 32. d6 Rd8 33. Rxa7+ Kh6 34. Be4 1-0

[Event "*** Titled Tuesday 3|2 Blitz"]
[Site "Chess.com"]
[Date "2017.06.06"]
[Round "4"]
[White "ViIIagra"]
[Black "AdrianaNikolova"]
[Result "1-0"]
[WhiteElo "2595"]
[BlackElo "2326"]
[TimeControl "180+2"]
[EndTime "14:35:55 PDT"]
[Termination "ViIIagra won by resignation"]

1. e4 c5 2. Nf3 Nc6 3. Bb5 d6 4. O-O Bd7 5. c3 Nf6 6. Re1 a6 7. Bf1 Bg4 8. d4 cxd4 9. cxd4 Bxf3 10. gxf3 e5 11. d5 Nb8 12. Be3 Nbd7 13. Qb3 g5 14.
Qxb7 Rb8 15. Qxa6 Rxb2 16. Nc3 Be7 17. Nb5 Nb8 18. Qa3 Rc2 19. Qa4 Rb2 20. Nxd6+ Kf8 21.
Nf5 Bb4 22. Re2 Rxe2 23. Qxb4+ Kg8 24. Bxe2 Nxd5 25. exd5 Qf6 26. Qxb8+ 1-0

[Event "*** Titled Tuesday 3|2 Blitz"]
[Site "Chess.com"]
[Date "2017.06.06"]
[Round "4"]
[White "lucasmito"]
[Black "hassler2"]
[Result "0-1"]
[WhiteElo "2054"]
[BlackElo "2292"]
[TimeControl "180+2"]
[EndTime "14:35:55 PDT"]
[Termination "hassler2 won by resignation"]

1. e4 c5 2. Nf3 Nc6 3. d4 cxd4 4.
Nxd4 g6 5. Nc3 Bg7 6. Be3 Nf6 7. Bc4 O-O 8. Bb3 d6 9. f3 Bd7 10. Qd2 Rc8 11. O-O-O Ne5 12. g4 a5 13. a3 b5 14. h4 h5 15. g5 b4 16. Nb1 Ne8 17. axb4 axb4 18. Qxb4 Rb8 19. Qd2 e6 20. Nc3 Qa5 21.
f4 Nf3 22. Nxf3 Qa1+ 0-1

[Event "*** Titled Tuesday 3|2 Blitz"]
[Site "Chess.com"]
[Date "2017.06.06"]
[Round "4"]
[White "northridgehawk"]
[Black "dtn70"]
[Result "1-0"]
[WhiteElo "2110"]
[BlackElo "2205"]
[TimeControl "180+2"]
[EndTime "14:36:42 PDT"]
[Termination "northridgehawk won by resignation"]

1. e4 d6 2. d4 Nf6 3. Nc3 e5 4.
Nge2 Be7 5. f3 Nbd7 6. Be3 c6 7.
Qd2 Qc7 8. g4 b5 9. h4 a5 10. h5 b4 11. Nd1 exd4 12. Nxd4 Ne5 13. Be2 Ba6 14. g5 Nfd7 15. Nf5 Bf8 16. Nf2 Bc4 17.
f4 Bxe2 18. Qxe2 g6 19. Ng3 Bg7 20. h6 Bf8 21. fxe5 Nxe5 22. Ng4 a4 23. Nf6+ Kd8 24. Rd1 Kc8 25. Bd4 Be7 26. Bxe5 dxe5 27. Qg4+ Kb8 28. Rd7 Bxf6 29. Rxc7 Kxc7 30. gxf6 Rhd8 31. Qg5 Ra5 32. Ne2 b3 33. axb3 axb3 34. cxb3 Ra1+ 35. Nc1 Rd4 36. Qxe5+ Rd6 37. O-O Kd7 38. Qe7+ 1-0

[Event "*** Titled Tuesday 3|2 Blitz"]
[Site "Chess.com"]
[Date "2017.06.06"]
[Round "4"]
[White "fpawn"]
[Black "bugbug01052018"]
[Result "1-0"]
[WhiteElo "2298"]
[BlackElo "1933"]
[TimeControl "180+2"]
[EndTime "14:37:02 PDT"]
[Termination "fpawn won by resignation"]

1. e4 c5 2. Nc3 d6 3. g3 Nf6 4.
Bg2 e6 5. d3 Be7 6. f4 O-O 7. Nf3 Nc6 8. h3 Rb8 9. g4 b5 10. O-O Bb7 11. Ne2 d5 12. e5 Nd7 13.
Ng3 Qb6 14. Kh1 b4 15. Be3 d4 16. Bd2 Nd8 17. Qe2 f6 18. Rae1 Kh8 19. Ne4 fxe5 20.
Nxe5 Nxe5 21. fxe5 Nc6 22. Ng5 Bxg5 23. Bxg5 h6 24. Bh4 Na5 25. b3 Bxg2+ 26. Qxg2 Qc6 27. Be7 Rfe8 28. Bd6 Rb7 29. Rf3 Rd7 30. Ref1 Rdd8 31. Kg1 Qd5 32. Qf2 Nb7 33. Qg3 Nxd6 34. exd6 Qxd6 35. Qxd6 Rxd6 36. Rf7 a6 37. Rc7 Rd5 38.
Rff7 Rg5 39. Kh2 e5 40. Rxc5 e4 41. Rxg5 hxg5 42. dxe4 Rxe4 43. Kg3 Re2 44. Rf2 Re3+ 45. Kg2 Kh7 46. Rd2 Rc3 47. Rxd4 Rxc2+ 48. Kg3 a5 49.
Rd5 Rxa2 50. Rxg5 Ra3 51. Kh4 Rxb3 52. Rxa5 Rb1 53. Rb5 b3 54. Kg5 b2 55. h4 Kh8 56.
Kg6 1-0

[Event "*** Titled Tuesday 3|2 Blitz"]
[Site "Chess.com"]
[Date "2017.06.06"]
[Round "4"]
[White "Vice64"]
[Black "ANLex1963"]
[Result "1-0"]
[WhiteElo "2325"]
[BlackElo "2201"]
[TimeControl "180+2"]
[EndTime "14:37:08 PDT"]
[Termination "Vice64 won by resignation"]

1. e4 c5 2. Nf3 d6 3. d4 cxd4 4.
Nxd4 Nf6 5. Nc3 g6 6. f3 Bg7 7.
Be3 Nc6 8. Qd2 O-O 9. O-O-O d5 10. Qe1 e5 11. Nxc6 bxc6 12. exd5 Nxd5 13. Bc4 Be6 14. Ne4 Re8 15. h4 h6 16. g4 Qc7 17. Bc5 Red8 18. g5 Nf4 19. Bxe6 Nxe6 20. Bd6 Qb6 21. Nf6+ Bxf6 22. gxf6 Nd4 23. Qxe5 Nb5 24. Bc5 Qa5 25. a3 Rab8 26. Qf4 Kh7 27. Be3 1-0

[Event "*** Titled Tuesday 3|2 Blitz"]
[Site "Chess.com"]
[Date "2017.06.06"]
[Round "4"]
[White "kleinebeer98"]
[Black "AllStarShark"]
[Result "1-0"]
[WhiteElo "2457"]
[BlackElo "2311"]
[TimeControl "180+2"]
[EndTime "14:37:15 PDT"]
[Termination "kleinebeer98 won by resignation"]

1. e4 c5 2. Nf3 Nc6 3. d4 cxd4 4.
Nxd4 g6 5. Nc3 Bg7 6. Nf3 d6 7.
h3 Nf6 8. Bc4 O-O 9. O-O a6 10.
Re1 b5 11. Bb3 Bb7 12. Bg5 Na5 13. Nd5 e6 14. Nxf6+ Bxf6 15. Bxf6 Qxf6 16. Qxd6 Qxb2 17. Rab1 Qf6 18. a4 Nxb3 19. Rxb3 Rfd8 20. Qc7 Rdb8 21. axb5 Qd8 22. b6 a5 23. Ne5 Qf8 24. Rf3 f5 25.
Nd7 Qd8 26. Nxb8 Qxb8 27. Rd3 Bxe4 28. Rd7 Qf8 29. b7 Rb8 30. Rg7+ Qxg7 31. Qxb8+ Qf8 32. Qxf8+ Kxf8 33. b8=Q+ 1-0

[Event "*** Titled Tuesday 3|2 Blitz"]
[Site "Chess.com"]
[Date "2017.06.06"]
[Round "4"]
[White "Paul66666"]
[Black "proxy6"]
[Result "1-0"]
[WhiteElo "2555"]
[BlackElo "2310"]
[TimeControl "180+2"]
[EndTime "14:37:22 PDT"]
[Termination "Paul66666 won on time"]

1. d4 Nf6 2. Bg5 d5 3. e3 e6 4. c4 Bb4+ 5. Nc3 Nbd7 6. cxd5 exd5 7. Bd3 c5 8. Ne2 c4 9. Bc2 O-O 10. O-O Qa5 11. a3 Bd6 12. f3 Re8 13. Qd2 h6 14.
Bh4 b6 15. e4 dxe4 16. fxe4 Qh5 17. Bg3 Bxg3 18. Nxg3 Qg4 19. e5 Nh5 20. Qf2 f6 21.
Bf5 Qh4 22. Qf3 Nxg3 23. Qd5+ Kh8 24. hxg3 Qxg3 25. Qxa8 Qe3+ 26. Rf2 Qxd4 27. Bg6 Rf8 28. Rd1 1-0

[Event "*** Titled Tuesday 3|2 Blitz"]
[Site "Chess.com"]
[Date "2017.06.06"]
[Round "4"]
[White "GameOverBro"]
[Black "axvesik"]
[Result "1-0"]
[WhiteElo "2241"]
[BlackElo "2320"]
[TimeControl "180+2"]
[EndTime "14:37:25 PDT"]
[Termination "GameOverBro won by resignation"]

1. e4 e6 2. d4 d5 3. Nd2 Be7 4.
Ngf3 Nf6 5. e5 Nfd7 6. Bd3 c5 7. c3 Nc6 8. O-O g5 9. dxc5 g4 10. Nd4 Ndxe5 11. Bb5 Bd7 12. Re1 Nxd4 13. Bxd7+ Nxd7 14. cxd4 h5 15. Nf1 Qc7 16. b4 Nf6 17.
Bg5 Ne4 18. Bxe7 Kxe7 19. f3 gxf3 20. Qxf3 f5 21. Ng3 h4 22. Nxe4 fxe4 23. Qh3 Qf4 24.
Rf1 Qg5 25. b5 Raf8 26. c6 Qg7 27. Qa3+ Ke8 28. Qd6 Qxd4+ 29. Kh1 Qg7 30. Qb8+ 1-0

[Event "*** Titled Tuesday 3|2 Blitz"]
[Site "Chess.com"]
[Date "2017.06.06"]
[Round "4"]
[White "Shivagami"]
[Black "FastChance"]
[Result "0-1"]
[WhiteElo "2001"]
[BlackElo "2485"]
[TimeControl "180+2"]
[EndTime "14:37:30 PDT"]
[Termination "FastChance won by resignation"]

1. Nc3 d5 2. e4 Nf6 3. exd5 Nxd5 4.
Nf3 Nc6 5. Bb5 Bg4 6. h3 Nxc3 7. bxc3 Bh5 8. d4 Qd5 9. c4 Qe4+ 10. Be3 O-O-O 11.
g4 Ne5 12. Nxe5 Qxh1+ 13. Ke2 Qxd1+ 14. Rxd1 Bg6 15. f4 c6 16. Ba4 f6 17. Nf3 Bf7 18. Bb3 h5 19. d5 hxg4 20. hxg4 cxd5 21.
cxd5 b6 22. g5 Rh3 23. Kf2 Rxf3+ 24. Kxf3 Bh5+ 25. Ke4 Bxd1 26. Kf5 Bf3 27. Ke6 Bxd5+ 28. Bxd5 Rd6+ 29. Kf7 Rxd5 30. Kxf8 e5 31. f5 Rd7 32.
gxf6 gxf6 33. Bh6 e4 34. Be3 Kc7 35. Kg8 Kc6 36. Kf8 Kd5 37. Ke8 Rb7 38. c3 Ke5 39. Kf8 Kxf5 0-1

[Event "*** Titled Tuesday 3|2 Blitz"]
[Site "Chess.com"]
[Date "2017.06.06"]
[Round "4"]
[White "djano"]
[Black "SabinaFoisor"]
[Result "1-0"]
[WhiteElo "2355"]
[BlackElo "2245"]
[TimeControl "180+2"]
[EndTime "14:37:38 PDT"]
[Termination "djano won by resignation"]

1. d4 d5 2. Bf4 e6 3. e3 Bd6 4.
Bg3 Nf6 5. Nd2 b6 6. Bd3 Bb7 7. Ngf3 c5 8. c3 Nc6 9. Ne5 Ne7 10. Qa4+ Kf8 11. O-O g6 12. Bh4 Kg7 13. Ndf3 h6 14.
dxc5 Bxe5 15. Nxe5 g5 16. Bg3 bxc5 17. f4 g4 18. f5 d4 19. fxe6 Qd5 20. e4 Qxe6 21. cxd4 cxd4 22. Qxd4 Qb6 23. Qxb6 axb6 24. Bh4 Neg8 25.
Nxf7 Kxf7 26. e5 Rd8 27. Rad1 Bd5 28. exf6 h5 29. Bc2 Nh6 30. Rxd5 Rxd5 31. Bb3 Rd8 32. Rd1 Ke6 33. Bg5 Nf7 34. Bf4 h4 35. Kf2 Ne5 36.
Bxe5 Kxe5 37. Rxd5+ Rxd5 38. Bxd5 Kxd5 1-0

[Event "*** Titled Tuesday 3|2 Blitz"]
[Site "Chess.com"]
[Date "2017.06.06"]
[Round "4"]
[White "chessking2151"]
[Black "LawrenceTrent"]
[Result "1-0"]
[WhiteElo "2346"]
[BlackElo "2402"]
[TimeControl "180+2"]
[EndTime "14:37:40 PDT"]
[Termination "chessking2151 won by resignation"]

1. e4 c5 2. c3 Qa5 3. g3 Nc6 4.
Bg2 g6 5. Ne2 Bg7 6. O-O d6 7. d4 cxd4 8. cxd4 Qh5 9. Nbc3 Nf6 10.
d5 Ne5 11. Nd4 Qxd1 12. Rxd1 O-O 13. f4 Ned7 14. h3 a6 15. a4 Ne8 16. Be3 Nb6 17.
b3 Bd7 18. a5 Nc8 19. Rac1 Na7 20. Na4 Bxa4 21. bxa4 Rc8 22. Rxc8 Nxc8 23. Rc1 Nf6 24. Rc7 Rd8 25. Rxb7 Rd7 26. Rb8 Rc7 27. Nc6 Bf8 28.
Bb6 Nxb6 29. axb6 Rd7 30. b7 Kg7 31. Na5 1-0

[Event "*** Titled Tuesday 3|2 Blitz"]
[Site "Chess.com"]
[Date "2017.06.06"]
[Round "4"]
[White "angieflynn"]
[Black "WinnieTPooh"]
[Result "1-0"]
[WhiteElo "1782"]
[BlackElo "1926"]
[TimeControl "180+2"]
[EndTime "14:37:41 PDT"]
[Termination "angieflynn won by resignation"]

1. c4 b6 2. Nf3 c5 3. g3 Bb7 4.
Bg2 Nf6 5. b4 cxb4 6. a3 e6 7.
Qb3 Na6 8. O-O d5 9. d3 Be7 10. Bb2 O-O 11. Nbd2 bxa3 12. Bxa3 Bxa3 13. Rxa3 Nc5 14.
Qa2 a6 15. Ne5 dxc4 16. Bxb7 Nxb7 17. Ndxc4 b5 18. Na5 Nc5 19. Nac6 Qb6 20. Ra1 Na4 21. Qb3 Qc7 22. d4 Rac8 23. Rxa4 bxa4 24. Rxa4 Ra8 25. Qc4 Qb6 26. e4 Qb1+ 27. Kg2 Qxe4+ 28. f3 Qd5 29. Ne7+ Kh8 30. Nxd5 exd5 31. Qc5 Rfc8 32. Qe7 Rc2+ 33. Kh3 1-0

[Event "*** Titled Tuesday 3|2 Blitz"]
[Site "Chess.com"]
[Date "2017.06.06"]
[Round "4"]
[White "Wolverine_master"]
[Black "yosephtaher"]
[Result "0-1"]
[WhiteElo "1988"]
[BlackElo "2556"]
[TimeControl "180+2"]
[EndTime "14:37:48 PDT"]
[Termination "yosephtaher won by resignation"]

1. Nf3 g6 2. g3 Bg7 3. c4 e5 4. Nc3 Nc6 5. d3 Nge7 6. Bg2 d6 7.
O-O h6 8. Rb1 Be6 9. b4 Qd7 10. b5 Nd8 11. Re1 f5 12. e3 O-O 13.
Nd2 g5 14. Bb2 f4 15. Nd5 fxg3 16. fxg3 Nf5 17. e4 Nd4 18. Bxd4 exd4 19. Rf1 Nf7 20. Qh5 Ne5 21. Qe2 Bg4 22. Nf3 Rf7 23. h3 Bxf3 24.
Bxf3 Qxh3 25. Qg2 Qxg2+ 26. Kxg2 Nxd3 27. Bh5 Rxf1 28. Rxf1 Ne5 29. Nxc7 Rf8 30. Rxf8+ Bxf8 31. Ne6 Nxc4 32. Nxd4 Nd2 33. Bg6 Kg7 34. Bf5 Kf6 35.
Ne6 Be7 36. Nd4 d5 37. Bc8 Ke5 38. Nf3+ Nxf3 39. Kxf3 dxe4+ 40. Ke3 b6 41. g4 Bc5+ 42. Ke2 Kf4 43. Bd7 e3 44. a4 Kg3 45. Be6 Kh4 46. Kf3 h5 47. gxh5 Kxh5 48. Bc4 Kh4 49. Be6 g4+ 50. Ke2 g3 51. Bc4 g2 0-1

[Event "*** Titled Tuesday 3|2 Blitz"]
[Site "Chess.com"]
[Date "2017.06.06"]
[Round "4"]
[White "WeiYi1999"]
[Black "Setne007"]
[Result "1-0"]
[WhiteElo "2121"]
[BlackElo "2057"]
[TimeControl "180+2"]
[EndTime "14:37:49 PDT"]
[Termination "WeiYi1999 won on time"]

1. e4 e6 2. d4 d5 3. exd5 exd5 4. Nc3 c6 5. Bd3 Bd6 6. Nge2 Ne7 7. Be3 Bf5 8. Qd2 Qd7 9. O-O-O Bxd3 10. Qxd3 Qf5 11. Qd2 O-O 12. g4 Qf3 13. h4 Nd7 14. g5 Nf5 15. h5 Nb6 16. h6 g6 17.
Kb1 Nc4 18. Qe1 Ncxe3 19. fxe3 Qxe3 20. Qf1 Rfe8 21. Rg1 b5 22. Rd3 Qe6 23. Nf4 Bxf4 24. Qxf4 a5 25. Qd2 a4 26. Nd1 Qe2 27. Qc1 Qh2 28.
Ne3 Nxe3 29. Rxe3 Re4 30. Rxe4 dxe4 31. a3 Re8 32. c4 e3 33. d5 cxd5 34. cxd5 e2 35.
Re1 Qe5 36. Qd2 Qe4+ 37. Ka1 Qc4 38. d6 Qe6 39. Qc3 1-0

[Event "*** Titled Tuesday 3|2 Blitz"]
[Site "Chess.com"]
[Date "2017.06.06"]
[Round "4"]
[White "TamNguyen2"]
[Black "stefanodinn"]
[Result "1-0"]
[WhiteElo "2115"]
[BlackElo "2258"]
[TimeControl "180+2"]
[EndTime "14:37:53 PDT"]
[Termination "TamNguyen2 won on time"]

1. d4 d5 2. c4 c6 3. Nf3 Nf6 4.
Nc3 e6 5. e3 Nbd7 6. Bd3 dxc4 7. Bxc4 b5 8. Bb3 a6 9. O-O Bb7 10.
Qe2 c5 11. Rd1 cxd4 12. exd4 b4 13. Na4 Be7 14. Bf4 O-O 15. Rac1 Nd5 16. Bg3 Rc8 17. Ne5 Nxe5 18. Bxe5 Bg5 19. Rxc8 Qxc8 20. Nc5 Re8 21. Qg4 Bh6 22. Qg3 Bc6 23. Ne4 Qa8 24. Bxd5 1-0

[Event "*** Titled Tuesday 3|2 Blitz"]
[Site "Chess.com"]
[Date "2017.06.06"]
[Round "4"]
[White "Saitama_Hero"]
[Black "ehrenfeld"]
[Result "1-0"]
[WhiteElo "2241"]
[BlackElo "2388"]
[TimeControl "180+2"]
[EndTime "14:37:55 PDT"]
[Termination "Saitama_Hero won by resignation"]

1. d4 Nf6 2. Nc3 d5 3. Bg5 c5 4. Bxf6 exf6 5. e3 Be6 6. Nf3 Nc6 7. dxc5 Bxc5 8. Bd3 O-O 9. a3 a6 10. O-O Qe7 11. Ne2 Bg4 12. Nf4 Rfd8 13. h3 Be6 14. c3 Rac8 15. Nd4 Ne5 16. Bc2 g6 17. Qe2 Ba7 18. Rfd1 f5 19. Rab1 Re8 20. Nf3 Nc4 21.
Nxd5 Bxd5 22. Rxd5 b5 23. Bb3 f4 24. e4 Qxe4 25. Qxe4 Rxe4 26. Rd7 Bc5 27. Rxf7 Re2 28. Rxf4 Bxf2+ 29. Kf1 Rce8 30. Rxc4 bxc4 31. Bxc4+ R2e6 32. Kxf2 1-0

[Event "*** Titled Tuesday 3|2 Blitz"]
[Site "Chess.com"]
[Date "2017.06.06"]
[Round "4"]
[White "pKiLz5Rn9b"]
[Black "Spartakus1975"]
[Result "0-1"]
[WhiteElo "2488"]
[BlackElo "2596"]
[TimeControl "180+2"]
[EndTime "14:38:02 PDT"]
[Termination "Spartakus1975 won by resignation"]

1. d4 d5 2. Nf3 Nf6 3. e3 Bf5 4.
Bd3 Bxd3 5. Qxd3 c6 6. O-O e6 7.
c4 Nbd7 8. Nc3 Be7 9. b3 O-O 10.
Bb2 Re8 11. Rad1 Rc8 12. e4 dxe4 13. Nxe4 Nxe4 14. Qxe4 Qa5 15. a3 Rcd8 16. Qe2 Qh5 17. h3 Bf6 18. Rfe1 Nf8 19. Rd3 Ng6 20. Qd2 Rd6 21.
Kh2 Nh4 22. Ne5 Red8 23. f4 Bxe5 24. Rxe5 Qh6 25. Qf2 Ng6 26. Rg5 f6 27. Rg4 Qh5 28. Rf3 Qf5 29. Qe3 h5 30. Rgg3 h4 31. Rg4 c5 32.
dxc5 Rd3 33. Qe1 Rxf3 34. gxf3 Nxf4 35. Bc3 g5 36. b4 Rd3 37. Bb2 Rxf3 38. Kg1 Nxh3+ 0-1

[Event "*** Titled Tuesday 3|2 Blitz"]
[Site "Chess.com"]
[Date "2017.06.06"]
[Round "4"]
[White "Blitzstream"]
[Black "Rodalquilar"]
[Result "0-1"]
[WhiteElo "2502"]
[BlackElo "2543"]
[TimeControl "180+2"]
[EndTime "14:38:02 PDT"]
[Termination "Rodalquilar won by checkmate"]

1. g3 d5 2. Bg2 Nf6 3. b3 Bf5 4.
Bb2 e6 5. d3 Be7 6. Nd2 h6 7. e4 Bh7 8. f4 c6 9. e5 Nfd7 10. Qg4 Bg6 11. Nh3 Qb6 12. O-O-O a5 13. a4 Na6 14. f5 Bxf5 15. Qxg7 Rh7 16. Qg8+ Bf8 17. g4 Rg7 18. Qxg7 Bxg7 19. gxf5 Bxe5 20.
Rhe1 Bxb2+ 21. Kxb2 O-O-O 22. fxe6 fxe6 23. Rxe6 Qd4+ 24. Kb1 Ndc5 25. Nf3 Qc3 26. Re2 Nb4 27. Nf2 Rf8 28. Ne1 Nxb3 29. Bh3+ Kb8 30. cxb3 Qxb3+ 31. Rb2 Qxa4 32.
Rdd2 Rxf2 33. Rxf2 Qd1# 0-1